 Dungeon Crawl Stone Soup version 0.29-a0-43-g62a80824bf (webtiles) character file.

Game seed: 556594405854292275

56 grumblor the Skirmisher (level 3, -2/29 HPs)
             Began as a Mummy Fighter on Feb 3, 2022.
             Slain by a gnoll (11 damage)
             ... on level 2 of the Dungeon.
             The game lasted 00:01:19 (1137 turns).

grumblor the Skirmisher (Mummy Fighter)             Turns: 1137, Time: 00:01:19

Health: -2/29      AC:  8    Str: 21    XL:     3   Next: 69%
Magic:  3/3        EV:  9    Int:  7    God:
Gold:   72         SH:  5    Dex: 11    Spells: 2/2 levels left

rFire   x . .      SeeInvis .   a - +0 war axe
rCold   + . .      Faith    .   c - +1 buckler
rNeg    + + +      Spirit   .   b - +0 scale mail
rPois   ∞          Reflect  .   (no helmet)
rElec   .          Harm     .   e - +1 cloak
rCorr   .          Rampage  .   (no gloves)
Will    .....                   (no boots)
Stlth   ..........              (no amulet)
HPRegen 0.09/turn               (no ring)
MPRegen 0.08/turn               (no ring)

@: no status effects
A: cold resistance 1, negative energy resistance 3, torment resistance 2, heat
vulnerability 1, no potions
a: no special abilities


You were on level 2 of the Dungeon.
You visited 1 branch of the dungeon, and saw 2 of its levels.

You collected 72 gold pieces.

Inventory:

Hand Weapons
 a - a +0 war axe (weapon)
Missiles
 g - 3 poisoned darts (quivered)
Armour
 b - a +0 scale mail (worn)
 c - a +1 buckler (worn)
 e - a +1 cloak (worn)
Scrolls
 d - 2 scrolls of identify
 f - 2 scrolls of teleportation {unknown}


   Skills:
 * Level 3.5 Fighting
 + Level 2.2 Axes
 + Level 2.7 Armour
 * Level 0.8 Dodging
 + Level 2.6 Shields


You had 2 spell levels left.
You didn't know any spells.
Your spell library was empty.

Dungeon Overview and Level Annotations

Branches:
Dungeon (2/15)

Altars:

Shops:
D:2 !


Innate Abilities, Weirdness & Mutations

You are immune to poison.
Your flesh is cold resistant. (rC+)
You are immune to negative energy. (rN+++)
You are immune to unholy pain and torment.
You are vulnerable to heat. (rF-)
You do not drink.


Message History

You closely miss the hobgoblin. You block the hobgoblin's attack.
A hobgoblin is nearby!
You closely miss the hobgoblin. You block the hobgoblin's attack.
A hobgoblin is nearby!
You hit the hobgoblin.
The hobgoblin is lightly wounded.
You block the hobgoblin's attack. The hobgoblin closely misses you.
A hobgoblin is nearby!
You closely miss the hobgoblin.
The hobgoblin is lightly wounded.
You block the hobgoblin's attack.
A hobgoblin is nearby!
You slash the hobgoblin!
You kill the hobgoblin!
A gnoll comes into view. It is wielding a +0 whip.
A gnoll is nearby! 2 gnolls come into view.
The gnoll shouts!
You hear an angry hiss.
A gnoll comes into view. It is wielding a +0 halberd.
There are monsters nearby!
You block the gnoll's attack.
There are monsters nearby!
You closely miss the gnoll. The gnoll barely misses you.
The gnoll hits you with a +0 whip.
There are monsters nearby!
You hit the gnoll.
The gnoll is heavily wounded.
The gnoll closely misses you.
A frilled lizard comes into view.
The gnoll hits you from afar with a +0 halberd!
There are monsters nearby!
You closely miss the gnoll.
The gnoll is heavily wounded.
You closely miss the gnoll.
The frilled lizard hisses angrily.
The gnoll hits you with a +0 whip. The gnoll hits you but does no damage.
The gnoll hits you from afar with a +0 halberd.
The gnoll closely misses you. x2; The gnoll barely misses you.
The gnoll hits you from afar with a +0 halberd!
You die...

......................###.#......
......###.....#.#.......#........
....<.###........................
....†........................†)..
..............#...............>..
.........<.#..######.............
......#................##........
.....<##...#####.......##........
..#...##...# #@...#.###........
###.#.#.....# #gg....# #........
#.#.#.#.#.# #g......##........
#.#.# .#....g..$..#..# #.#..
.........##.# #(##.. #.........#
... ... ......l....# #.
..[.#..........# .#.##..........#


You could see 4 gnolls and a frilled lizard.

Vanquished Creatures
  An adder (D:2)
  A gnoll (D:1)
  4 dart slugs
  3 ball pythons (D:1)
  2 endoplasms (D:2)
  A giant cockroach (D:1)
  4 hobgoblins
  2 quokkas (D:1)
  2 bats (D:1)
  2 frilled lizards (D:1)
  2 goblins
  A kobold (D:2)
  3 rats
28 creatures vanquished.

Notes
Turn   | Place    | Note
-------+----------+-------------------------------------------
     0 | D:1      | grumblor the Mummy Fighter began the quest for the Orb.
     0 | D:1      | Reached XP level 1. HP: 18/18 MP: 1/1
   283 | D:1      | Reached XP level 2. HP: 24/24 MP: 2/2
   670 | D:1      | Reached XP level 3. HP: 29/29 MP: 3/3
  1087 | D:2      | Found Afra's Distillery.
  1137 | D:2      | Slain by a gnoll

Illustrated notes

Levels and vault maps discovered:
D:1:      lemuel_arrival_broad_hall, layout_loops_corners,
          minmay_misc_feat_diagonals
D:2:      layout_rooms, serial_shops, nicolae_shop_hallway_plus

Skill      XL: |  1  2  3 |
---------------+----------+-----
Axes           | 2 |  2.2
Fighting       | |  3.5
Armour         | |  2.7
Dodging        | |  0.8
Shields        | |  2.6

Action                   || total
-------------------------++-------
Melee: War axe           ||    68
  Use: Scroll            ||     2
Armor: Scale mail        ||    26
Dodge: Dodged            ||    26
Block: Buckler           ||    18

Table legend: (Time is in decaauts)
 A = Elapsed time spent in this place.
 B = Non-inter-level travel time spent in this place.
 C = Inter-level travel time spent in this place.
 D = Time resting spent in this place.
 E = Time spent auto-exploring this place.
 F = Levels seen in this place.
 G = Mean time per level.
                   A        B        C        D        E       F      G
               +--------+--------+--------+--------+--------+-----+--------+
         Total |   1167 |   1162 |      5 |      0 |    946 |   2 |  583.5 |
       Dungeon |   1167 |   1162 |      5 |      0 |    946 |   2 |  583.5 |
               +--------+--------+--------+--------+--------+-----+--------+

Top non-repeatable levels by time:
     D:1: 910 daAuts
     D:2: 257 daAuts
